 Dungeon Crawl Stone Soup version 0.17.1-3-g152610e (webtiles) character file.

5553 Zarathustra the Nimble (level 10, -3/96 HPs)
             Began as a Deep Dwarf Berserker on Apr 19, 2016.
             Was a High Priest of Trog.
             Slain by a hill giant
             ... wielding a +0 giant spiked club
              (21 damage)
             ... on level 10 of the Dungeon.
             The game lasted 00:50:42 (6352 turns).

Zarathustra the Nimble (Deep Dwarf Berserker)       Turns: 6352, Time: 00:50:42

Health: -3/96      AC: 14    Str: 25    XL:     10   Next: 44%
Magic:  0/0        EV: 16    Int:  7    God:    Trog [*****.]
Gold:   519        SH:  0    Dex: 12    Spells: 0 memorised, 9 levels left

rFire  . . .     SeeInvis .     M - +0 flail (holy)
rCold  + . .     Clarity  .     A - +2 chain mail {rPois}
rNeg   . . .     SustAt   .     (no shield)
rPois  +         Gourm    .     u - +0 helmet
rElec  .         Spirit   .     (no cloak)
rCorr  .         Warding  .     (no gloves)
rMut   .         Stasis   .     (no boots)
MR     +....                    t - amulet of faith
Stlth  ..........               n - ring of protection from cold
                                y - +3 ring of evasion

@: non-regenerating, somewhat resistant to hostile enchantments, extremely
unstealthy
A: damage resistance, recharge devices, sense surroundings 2, slow regeneration
3
a: Device Recharging, Berserk, Trog's Hand, Brothers in Arms, Burn Spellbooks,
Renounce Religion


You were on level 10 of the Dungeon.
You worshipped Trog.
Trog was extremely pleased with you.
You were not hungry.

You visited 1 branch of the dungeon, and saw 10 of its levels.

You collected 519 gold pieces.

Inventory:

Hand Weapons
 a - a +1 mace
 D - a +2 quarterstaff of chaos
 M - a +0 flail of holy wrath (weapon)
 N - a +2 greatsling of flaming
Armour
 b - a +0 animal skin
 d - a +2 robe
 e - a +0 leather armour
 o - a +0 helmet
 u - a +0 helmet (worn)
 A - a +2 chain mail of poison resistance (worn)
Jewellery
 h - an uncursed amulet of clarity
 n - a ring of protection from cold (right hand)
 q - an uncursed ring of positive energy
 t - an amulet of faith (around neck)
 y - a +3 ring of evasion (left hand)
Wands
 c - a wand of heal wounds (7)
 m - a wand of flame (19)
 z - a wand of fire (8)
 C - a wand of enslavement (3)
 H - a wand of slowing (12)
 J - a wand of digging (21)
 Q - a wand of random effects (21)
Scrolls
 f - 4 scrolls of remove curse
 j - 8 scrolls of identify
 r - a scroll of fog
 x - 2 scrolls of enchant weapon
 E - a scroll of teleportation
 K - a scroll of enchant armour {unknown}
 P - a scroll of recharging
Potions
 g - 3 potions of curing
 i - 2 potions of flight
 k - 2 potions of degeneration
 l - 2 potions of magic
 p - 2 potions of agility
 v - 2 potions of poison
 w - a potion of might {unknown}
 B - 2 potions of resistance {unknown}
 G - a potion of haste {unknown}
 I - a potion of mutation {unknown}
 O - a potion of brilliance {unknown}
Comestibles
 s - 3 fruits
 F - a beef jerky
 L - 2 bread rations


   Skills:
 + Level 7.9 Fighting
 + Level 7.4 Maces & Flails
 + Level 7.8 Armour
 + Level 9.7 Dodging
 + Level 2.2 Stealth
 + Level 3.7 Evocations


You had 9 spell levels left.
You didn't know any spells.

Dungeon Overview and Level Annotations

Branches:
Dungeon (10/15)            Temple (0/1) D:6             Orc (0/4) D:10
   Lair: D:8-11

Altars:
Cheibriados
Gozag
Makhleb
Nemelex Xobeh
Okawaru
Qazlal
Sif Muna
Xom
Yredelemnul

Shops:
D:5 [   D:6 [   D:7 [   D:8 *

Annotations:
D:10 Urug


Innate Abilities, Weirdness & Mutations

You are resistant to damage.
You can recharge devices by infusing magical energy.
You passively map the area around you.
You do not regenerate naturally.


Message History

You sock Urug!
Urug is moderately wounded.
Urug hits you with a war axe!
You hit Urug but do no damage.
Urug is moderately wounded.
You hit Urug but do no damage.
Urug is moderately wounded.
Urug misses you. The hill giant misses you.
Your ogre goes berserk!
You feel somewhat more hungry. Urug barely misses you.
You closely miss Urug.
Urug is moderately wounded.
The hill giant closely misses you. Urug hits you with a war axe!!
Your ogre closely misses the hill giant.
You closely miss Urug.
Urug is moderately wounded.
Your ogre barely misses the hill giant.
Urug hits you with a war axe!!
* * * LOW HITPOINT WARNING * * *
The hill giant hits you with a giant spiked club!!
You die...

#..######### ,
#..#........,
,######(<#........,
* **
,........(........
..####..#........,
* #..(....### * ,*
, * #...O.....# ,,*
*,, * #..#C##.####*
,, , ,
,#..#@o...... , , *
, ,...............
,, ##....#.##.####
, ,......#>. ...,,
, , ###...<...
,..<. , ,
*#........ ### * ,
, .... ..##, ** , *
....,...# , , *, *
** * ** *


You could see Urug, a hill giant and a friendly ogre (berserk).

Vanquished Creatures
  A troll (D:8)
  Prince Ribbit (D:8)
  A spriggan (D:8)
  A hippogriff (D:3)
  Edmund (D:6)
  2 hungry ghosts
  Duvessa (D:6)
  An ice beast (D:9)
  A black bear (D:7)
  A phantom (D:6)
  A sky beast (D:5)
  2 orc warriors
  The ghost of Zarathustra the Skirmisher, an amateur DrBe of Trog (D:3)
  A necrophage (D:5)
  A crocodile (D:8)
  2 centaurs
  3 ogres
  2 big kobolds
  5 giant frogs
  Dowan (D:6)
  4 killer bees (D:8)
  A wyvern skeleton (D:9)
  3 scorpions
  4 wights (D:7)
  3 centaur zombies
  A centaur skeleton (D:5)
  2 crimson imps (D:9)
  A jelly (D:7)
  Crazy Yiuf (D:7)
  A giant frog skeleton (D:4)
  Ijyb (D:3)
  2 orc priests (D:6)
  6 orc wizards
  5 hounds
  2 iguanas (D:4)
  3 worker ants
  A hound skeleton (D:7)
  A gnoll (D:8)
  10 adders
  3 shadow imps
  An ooze (D:5)
  An adder skeleton (D:7)
  2 worms (D:2)
  12 orcs
  6 goblins
  4 hobgoblins
  24 jackals
  7 quokkas
  3 ball pythons
  12 bats
  3 giant cockroaches
  8 giant geckos
  A giant gecko zombie (D:5)
  4 giant newts
  A jackal skeleton (D:4)
  20 kobolds
  A quokka skeleton (D:8)
  3 quokka zombies
  2 rats
200 creatures vanquished.

Vanquished Creatures (collateral kills)
  The ghost of jesusflecha the Protected, a novice MiFi of Makhleb (D:9)
  4 yaks (D:9)
  An ogre (D:9)
  An orc priest (D:9)
  An orc wizard (D:9)
  An orc (D:9)
9 creatures vanquished.

Grand Total: 209 creatures vanquished

Notes
Turn   | Place    | Note
--------------------------------------------------------------
     0 | D:1      | Zarathustra the Deep Dwarf Berserker began the quest for the Orb.
     0 | D:1      | Reached XP level 1. HP: 20/20 MP: 1/1
   104 | D:1      | Reached XP level 2. HP: 14/27 MP: 2/2
   454 | D:1      | Reached ** piety under Trog
   716 | D:2      | Found a faded altar to an unknown god.
   726 | D:2      | Reached XP level 3. HP: 23/34 MP: 3/3
  1233 | D:2      | Found a stormy altar of Qazlal.
  1481 | D:2      | You fall through a shaft for 2 floors!
  1507 | D:3      | You fall through a shaft!
  1528 | D:4      | Reached XP level 4. HP: 21/42 MP: 4/4
  1585 | D:3      | Found an iron altar of Okawaru.
  1599 | D:3      | Noticed Zarathustra's ghost (amateur DrBe)
  1636 | D:3      | Killed Zarathustra's ghost
  1636 | D:3      | Reached skill level 4 in Dodging
  1636 | D:3      | Reached skill level 1 in Evocations
  1636 | D:3      | Reached XP level 5. HP: 23/49 MP: 3/5
  1848 | D:3      | Noticed Ijyb
  1864 | D:3      | Killed Ijyb
  2004 | D:3      | Found an opulent altar of Gozag.
  2208 | D:4      | Noticed a hippogriff
  2262 | D:3      | Killed a hippogriff
  2262 | D:3      | Reached XP level 6. HP: 35/57 MP: 5/5
  2358 | D:4      | Reached skill level 5 in Dodging
  2468 | D:4      | Noticed an orc warrior
  2502 | D:4      | Killed an orc warrior
  2502 | D:4      | Reached XP level 7. HP: 51/64 MP: 6/6
  2559 | D:4      | Found a sparkling altar of Nemelex Xobeh.
  2582 | D:4      | Noticed an ogre
  2598 | D:4      | Killed an ogre
  2855 | D:4      | Reached *** piety under Trog
  2946 | D:5      | Entered Level 5 of the Dungeon
  2959 | D:5      | Reached skill level 6 in Dodging
  3177 | D:5      | Reached skill level 5 in Fighting
  3177 | D:5      | Reached XP level 8. HP: 15/74 MP: 5/5
  3212 | D:5      | Found Zesahung's Antique Armour Emporium.
  3550 | D:6      | Reached skill level 7 in Dodging
  3636 | D:6      | Noticed Edmund
  3643 | D:6      | Reached skill level 5 in Maces & Flails
  3689 | D:6      | Killed Edmund
  3689 | D:6      | Reached skill level 1 in Stealth
  3766 | D:6      | Found a basalt altar of Yredelemnul.
  3816 | D:6      | Reached skill level 8 in Dodging
  3868 | D:6      | Found Qunun's Antique Armour Boutique.
  3910 | D:6      | Noticed Duvessa
  3911 | D:6      | Noticed Dowan
  3930 | D:6      | Killed Duvessa
  3930 | D:6      | Reached skill level 5 in Armour
  3944 | D:6      | Killed Dowan
  4093 | D:6      | Gained mutation: You passively map the area around you. [Deep Dwarf growth]
  4093 | D:6      | Reached XP level 9. HP: 52/82 MP: 1/1
  4154 | D:6      | Found a staircase to the Ecumenical Temple.
  4375 | D:7      | Found Vaiminot's Antique Armour Shoppe.
  4443 | D:7      | Reached **** piety under Trog
  4469 | D:7      | Found a shimmering altar of Xom.
  4897 | D:7      | Noticed Crazy Yiuf
  4914 | D:7      | Killed Crazy Yiuf
  4993 | D:8      | Found a burning altar of Makhleb.
  5018 | D:8      | Reached skill level 9 in Dodging
  5049 | D:8      | Found an opulent altar of Gozag.
  5050 | D:8      | Found a deep blue altar of Sif Muna.
  5169 | D:8      | Reached ***** piety under Trog
  5183 | D:8      | Found Ximaucse's Assorted Antiques.
  5189 | D:8      | Noticed Prince Ribbit
  5346 | D:8      | Found a snail-covered altar of Cheibriados.
  5501 | D:8      | Noticed a centaur zombie
  5527 | D:8      | Killed a centaur zombie
  5527 | D:8      | Reached XP level 10. HP: 59/94 MP: 2/2
  5603 | D:8      | Killed Prince Ribbit
  5980 | D:9      | Noticed jesusflecha's ghost (novice MiFi)
  6009 | D:9      | Killed jesusflecha's ghost
  6323 | D:10     | Entered Level 10 of the Dungeon
  6324 | D:10     | Noticed Urug
  6341 | D:10     | Noticed a hill giant
  6352 | D:10     | Slain by a hill giant

Action                   |  1- 3 |  4- 6 |  7- 9 | 10-12 || total
-------------------------+-------+-------+-------+-------++-------
Melee: Mace              |   179 |   162 |   724 |    49 ||  1114
       Flail             |       |       |       |    90 ||    90
Invok: Trog's Hand       |     3 |     1 |     3 |     2 ||     9
       Burn Spellbooks   |       |       |     1 |       ||     1
       Brothers in Arms  |       |       |       |     2 ||     2
 Abil: Device Recharging |       |     2 |     8 |     2 ||    12
Evoke: Wand              |     5 |    11 |    30 |     4 ||    50
  Use: Scroll            |       |     6 |     4 |       ||    10
       Potion            |       |       |     6 |       ||     6
  Eat: Bread ration      |     1 |     1 |     2 |     2 ||     6
       Meat ration       |       |       |     2 |       ||     2
       Pizza             |       |       |     1 |       ||     1
       Beef jerky        |       |       |     1 |       ||     1
